AoeStats
← CCM | Zero

African Clearing

510912844Analyzed
3v3 RM · 14h ago on Oct 3, 2026· 34m 49s· 6 players
Game mode
Random Map
Map size
Normal (6 player)
Population
200
Speed
Normal
Resources
Standard
Victory
Conquest
Starting age
Dark Age
Ending age
Imperial Age
RankedLock teamsTeams togetherTeam positionsShared explorationLock speedFull tech treeHidden civsTurbo modeCheats
Victory
Defeat
🇦🇷 Burmese · Argentina
1291
+16
🇦🇷 Saxons · Argentina
1288
+16
🇲🇽 Mapuche · Mexico
1269
+16
🇧🇷 Celts · Brazil
1365
-20
🇧🇷 Chinese · Brazil
1286
-16
🇧🇷 Burgundians · Brazil
1195
-12
WalterWhite
9:23 Loom
11:44 Feudal Age
18:31 Castle Age
16:57 Scale Barding Armor
17:47 Bloodlines
18:01 Gold Mining
18:40 Forging
22:24 Horse Collar
24:24 Iron Casting
26:22 Heavy Plow
28:30 Gold Shaft Mining
29:57 Chain Barding Armor
30:03 Padded Archer Armor
31:21 Wheelbarrow
JessePinkman
5:02 Loom
13:26 Feudal Age
17:17 Castle Age
15:56 Double-Bit Axe
19:14 Bow Saw
19:22 Horse Collar
23:37 Wheelbarrow
22:47 Town Watch
24:13 Heavy Plow
24:32 Gold Mining
26:25 Stone Mining
27:11 Gold Shaft Mining
27:28 Hand Cart
28:18 Scale Mail Armor
28:53 Forging
29:25 Chain Mail Armor
32:58 Imperial Age
32:22 Iron Casting
33:19 Squires
33:04 Arson
34:25 Plate Mail Armor
33:44 Elite Varangian Guard
34:09 Elite Varangian Guard
CCM | Zero
14:03 Feudal Age
14:56 Double-Bit Axe
15:27 Loom
19:37 Castle Age
18:44 Horse Collar
19:43 Scale Mail Armor
21:29 Wheelbarrow
21:14 Pikeman
26:07 Town Watch
26:34 Heavy Plow
27:40 Chain Mail Armor
27:40 Forging
30:06 Iron Casting
30:32 Hand Cart
32:04 Town Patrol
34:55 Arson
37:53 Imperial Age
[Massa] Revenger
14:55 Feudal Age
13:11 Loom
15:39 Double-Bit Axe
24:23 Man-at-Arms
25:07 Scale Mail Armor
33:54 Castle Age
32:13 Gold Mining
34:00 Fletching
34:11 Padded Archer Armor
34:00 Crossbowman
[Massa] Riacho Molhado
3:27 Loom
13:33 Feudal Age
17:38 Castle Age
17:40 Double-Bit Axe
19:36 Bow Saw
20:07 Horse Collar
23:57 Wheelbarrow
27:23 Hand Cart
27:27 Fletching
27:05 Crossbowman
28:51 Bodkin Arrow
29:14 Padded Archer Armor
29:36 Ballistics
34:05 Thumb Ring
tg
15:19 Feudal Age
16:16 Double-Bit Axe
19:05 Castle Age
17:40 Horse Collar
19:08 Pikeman
19:51 Heavy Plow
20:02 Bow Saw
22:01 Loom
23:02 Wheelbarrow
25:18 Town Watch
30:51 Fletching
32:34 Bodkin Arrow
Connection lost

Rejoining the realm…

Still unreachable

The connection could not be restored.

Session expired

The server has moved on; the page needs a fresh start.